 Dungeon Crawl Stone Soup version 0.30-a0-782-ge64f9170bb (webtiles) character file.

Game seed: 1003973297057134230

133 IndexError the Shooter (level 5, -3/30 HPs)
             Began as a Gargoyle Hunter on Feb 27, 2023.
             Slain by Ijyb
             ... wielding a +0 dagger of venom
              (5 damage)
             ... on level 3 of the Dungeon.
             The game lasted 00:09:55 (2196 turns).

IndexError the Shooter (Gargoyle Hunter)            Turns: 2196, Time: 00:09:56

Health: -3/30      AC:  0    Str: 14    XL:     5   Next: 16%
Magic:  5/5        EV: 14    Int: 10    God:
Gold:   68         SH:  0    Dex: 15    Spells: 4/4 levels left

rFire   . . .      SeeInvis .    (weapon currently unavailable)
rCold   . . .      Faith    .    (shield currently unavailable)
rNeg    + . .      Spirit   .    (body armour currently unavailable)
rPois   ∞          Reflect  .    (helmet currently unavailable)
rElec   .          Harm     .    (cloak currently unavailable)
rCorr   .          Rampage  .    (gloves currently unavailable)
Will    .....                    (boots currently unavailable)
Stlth   ++                       (no amulet)
HPRegen 0.25/turn                (ring currently unavailable)
MPRegen 0.09/turn                (ring currently unavailable)

@: pig-form (expiring), very quick
A: fast, no casting, sickness immunity, AC +4, small, negative energy resistance
1, (electricity resistance), torment resistance 1, petrification resistance
a: no special abilities


You were on level 3 of the Dungeon.
You were a filthy swine.
You visited 1 branch of the dungeon, and saw 3 of its levels.

You collected 68 gold pieces.

Inventory:

Hand Weapons
 a - a +0 shortbow (melded)
Armour
 c - a +0 leather armour (melded)
 d - a +0 plate armour
   (You found it on level 1 of the Dungeon)
 r - a +0 chain mail
   (You took it off Terence on level 2 of the Dungeon)
 s - a +0 robe
   (You found it on level 2 of the Dungeon)
 t - a +0 ring mail
   (You found it on level 3 of the Dungeon)
 u - a +0 scale mail of positive energy
   (You found it on level 3 of the Dungeon)
Magical Staves
 n - a staff of cold {rC+}
   (You took it off a kobold on level 2 of the Dungeon)
 o - a staff of poison {rPois}
   (You found it on level 2 of the Dungeon)
Scrolls
 b - 2 scrolls of immolation {!r}
 e - a scroll of vulnerability {unknown}
 f - 8 scrolls of identify {unknown}
 h - 2 scrolls of magic mapping {unknown}
 i - a scroll of noise {unknown}
 j - 3 scrolls of enchant armour {unknown}
 m - 5 scrolls of teleportation {unknown}
 p - 3 scrolls of blinking {unknown}
 q - 2 scrolls of enchant weapon {unknown}
Potions
 g - a potion of invisibility {unknown}
 k - a potion of haste {unknown}
 l - a potion of heal wounds {unknown}


   Skills:
 - Level 2.1 Fighting
 + Level 6.3 Ranged Weapons
 - Level 1.5 Dodging
 - Level 1.1 Stealth


You had 4 spell levels left.
You didn't know any spells.
Your spell library contained the following spells:

 Spells                   Type           Power      Damage    Failure   Level
 Frozen Ramparts          Ice            0%         1d1       75%         3
 Ice Form                 Ice/Tmut       0%         N/A       98%         4
 Petrify                  Tmut/Erth      0%         N/A       98%         4
 Summon Ice Beast         Ice/Summ       0%         N/A       98%         4
 Irradiate                Conj/Tmut      0%         3d11      100%        5
 Sublimation of Blood     Necr           Unusable   N/A       N/A         2

Dungeon Overview and Level Annotations

Branches:
Dungeon (3/15)

Altars:

Shops:
D:2 :

Annotations:
D:3 Ijyb


Innate Abilities, Weirdness & Mutations

You are a filthy swine.
You move quickly.
Your equipment is almost entirely melded.
You are incapable of wielding weapons or throwing items.
You cannot cast spells.
You are immune to sickness and miasma.
((Your stone body is resilient. (AC +4)))
You are immune to poison.
You resist negative energy. (rN+)
((You are resistant to electric shocks. (rElec)))
You are resistant to unholy torment.
You are immune to petrification.


Message History

Press: ? - help, Q - select action Shift-Dir - straight line, f/p - bat
Aim: a bat (moderately wounded, 50% to hit)
You shoot an arrow. The arrow hits the bat!
Fire: a) +0 shortbow
Press: ? - help, Q - select action Shift-Dir - straight line, f - you Really target yourself? [Y]es or [N]o only, please.
Really target yourself?
Okay, then.
Found a stone staircase leading down.
Health restored: 30
j - 3 scrolls labelled ROC ADIRPHUTAS (gained 1)
A frilled lizard comes into view.
A frilled lizard is nearby!
You shoot an arrow. The arrow hits the frilled lizard.
No target in view!
No target in view!
m - 5 scrolls labelled HOSISEGGEB (gained 1) Ijyb the Twisted Goblin comes into view.
She is wielding a +0 dagger of venom, wearing a +1 chain mail of poison resistance and carrying a wand of polymorph (2).
Marking area around Ijyb as unsafe for travelling.
Spoiler Alert: Ijyb (asleep) will often zap you with wands!
You shoot an arrow. The arrow hits Ijyb.
Ijyb shouts!
Ijyb screams, "Get away!"
Spoiler Alert: Ijyb will often zap you with wands!
You shoot an arrow. The arrow completely misses Ijyb.
Ijyb zaps a wand.
You turn into an insubstantial wisp.
Your +0 shortbow melds into your body.
Your +0 leather armour melds into your body.
You touch Ijyb but do no damage.
Ijyb completely misses you.
You touch Ijyb.
Ijyb misses you.
You barely miss Ijyb.
Ijyb hits you with a +0 dagger of venom.
Spoiler Alert: Ijyb will often zap you with wands!
You take 2 damage, and have 28/30 hp.
You touch Ijyb but do no damage.
Ijyb misses you.
You touch Ijyb but do no damage.
Ijyb hits you but does no damage.
You touch Ijyb but do no damage.
Ijyb misses you.
You touch Ijyb.
Your transformation is almost over.
Spoiler Alert: Ijyb will often zap you with wands!
You touch Ijyb but do no damage.
Ijyb barely misses you.
You touch Ijyb.
Ijyb hits you but does no damage.
Health restored: 30 You touch Ijyb but do no damage.
Ijyb hits you but does no damage.
You touch Ijyb.
Ijyb hits you but does no damage.
You touch Ijyb but do no damage.
Ijyb hits you but does no damage.
Spoiler Alert: Ijyb will often zap you with wands!
You completely miss Ijyb. Ijyb hits you but does no damage.
You touch Ijyb but do no damage.
Ijyb closely misses you.
You touch Ijyb but do no damage.
Ijyb barely misses you.
You touch Ijyb but do no damage.
You condense into your normal self.
Your +0 shortbow unmelds from your body.
Your +0 leather armour unmelds from your body.
Ijyb hits you but does no damage.
Spoiler Alert: Ijyb will often zap you with wands!
You shoot an arrow. The arrow hits Ijyb but does no damage.
Ijyb zaps a wand.
You turn into a filthy swine.
Your +0 shortbow melds into your body.
Your +0 leather armour melds into your body.
The now-empty wand crumbles to dust.
You hit Ijyb but do no damage.
Ijyb hits you with a +0 dagger of venom.
Spoiler Alert: Ijyb will often zap you with wands!
You take 6 damage, and have 24/30 hp.
You hit Ijyb but do no damage. Ijyb screams, "I no like you!"
Ijyb hits you with a +0 dagger of venom.
You barely miss Ijyb. Ijyb barely misses you.
You hit Ijyb but do no damage.
Ijyb hits you with a +0 dagger of venom.
You are too injured to fight recklessly!
Spoiler Alert: Ijyb will often zap you with wands!
You take 10 damage, and have 14/30 hp.
MASSIVE DAMAGE!!
You are too injured to fight recklessly!
You are too injured to fight recklessly!
You are too injured to fight recklessly!
You are too injured to fight recklessly!
You hit Ijyb but do no damage.
Ijyb hits you with a +0 dagger of venom.
Spoiler Alert: Ijyb will often zap you with wands!
You take 4 damage, and have 10/30 hp.
You barely miss Ijyb. You barely miss Ijyb.
Ijyb hits you with a +0 dagger of venom.
* * * LOW HITPOINT WARNING * * *
You take 4 damage, and have 6/30 hp.
You hit Ijyb but do no damage.
Ijyb hits you with a +0 dagger of venom.
* * * LOW HITPOINT WARNING * * *
Spoiler Alert: Ijyb will often zap you with wands!
You take 5 damage, and have 1/30 hp.
You hit Ijyb. Ijyb closely misses you.
You hit Ijyb but do no damage.
Your transformation is almost over.
Ijyb screams, "I cut your head off!" Ijyb closely misses you.
Spoiler Alert: Ijyb will often zap you with wands!
You hit Ijyb but do no damage.
Ijyb hits you with a +0 dagger of venom.
You die...

####### #.....#
#.....# #..#..#
#...g.# #.
#...h.##.##.> ##
###.........#..
#..###.#..#.
#####..###....) ##
###.........##..## .
...........##†##...#
##+######.....##...#
#..........#
#..........#


You could see Ijyb.

Vanquished Creatures
  Terence (D:2)
  2 adders (D:2)
  4 dart slugs
  An orc (D:1)
  6 bats
  4 endoplasms
  4 giant cockroaches
  11 goblins
  11 hobgoblins
  8 jackals
  5 quokkas
  A ball python (D:1)
  3 frilled lizards
  7 kobolds
  2 rats (D:1)
70 creatures vanquished.

Notes
Turn   | Place    | Note
-------+----------+-------------------------------------------
     0 | D:1      | IndexError the Gargoyle Hunter began the quest for the Orb.
     0 | D:1      | Reached XP level 1. HP: 12/12 MP: 1/1
   160 | D:1      | Reached XP level 2. HP: 17/17 MP: 2/2
   278 | D:1      | Reached XP level 3. HP: 15/21 MP: 3/3
   505 | D:1      | Reached skill level 5 in Ranged Weapons
   980 | D:2      | Found Zeophac's Book Boutique.
  1092 | D:2      | Noticed Terence
  1105 | D:2      | Killed Terence
  1106 | D:2      | Reached XP level 4. HP: 8/26 MP: 4/4
  1106 | D:2      | HP: 4/26 [frozen (4)]
  1539 | D:2      | Reached skill level 6 in Ranged Weapons
  1865 | D:3      | Reached XP level 5. HP: 18/30 MP: 5/5
  2164 | D:3      | Noticed Ijyb
  2192 | D:3      | HP: 6/30 [Ijyb/+0 dagger of venom (4)]
  2193 | D:3      | HP: 1/30 [Ijyb/+0 dagger of venom (5)]
  2196 | D:3      | Slain by Ijyb

Illustrated notes

Levels and vault maps discovered:
D:1:      lemuel_arrival_muddy, layout_basic
D:2:      layout_basic, serial_shops, shop, uniq_terence
D:3:      minmay_goblin_kobold_castle, layout_loops_cross,
          nicolae_hepliaklqana_hippocampus, minmay_pentangle,
          uniq_crazy_yiuf_cottage, uniq_ijyb

Skill      XL: |  1  2  3  4 |
---------------+-------------+-----
Ranged Weapons | 5 6 |  6.3
Fighting       | |  2.1
Dodging        | |  1.5
Stealth        | |  1.1

Action                     |  1- 3 |  4- 6 || total
---------------------------+-------+-------++-------
  Melee: Unarmed           |       |    27 ||    27
   Fire: Shortbow          |   158 |   118 ||   276
 Armour: Leather armour    |    71 |    25 ||    96
         Skin              |       |     6 ||     6
  Dodge: Dodged            |    83 |    57 ||   140

Table legend: (Time is in decaauts)
 A = Elapsed time spent in this place.
 B = Non-inter-level travel time spent in this place.
 C = Inter-level travel time spent in this place.
 D = Time resting spent in this place.
 E = Time spent auto-exploring this place.
 F = Levels seen in this place.
 G = Mean time per level.
                   A        B        C        D        E       F      G
               +--------+--------+--------+--------+--------+-----+--------+
         Total |   2267 |   2115 |    152 |      0 |   1605 |   3 |  755.7 |
       Dungeon |   2267 |   2115 |    152 |      0 |   1605 |   3 |  755.7 |
               +--------+--------+--------+--------+--------+-----+--------+

Top non-repeatable levels by time:
     D:2: 914 daAuts
     D:1: 776 daAuts
     D:3: 576 daAuts

Table legend:
 A = Kills in this place as a percentage of kills in entire the game.
 B = Kills by you in this place as a percentage of kills by you in the entire game.
 C = Kills by friends in this place as a percentage of kills by friends in the entire game.
 D = Other kills in this place as a percentage of other kills in the entire game.
 E = Experience gained in this place as a percentage of experience gained in the entire game.
 F = Experience gained in this place divided by the number of levels of this place that you have seen.
                   A       B       C       D       E      F
               +-------+-------+-------+-------+-------+----------------------
         Total | 100.0 | 100.0 |   N/A |   N/A | 100.0 |  63.7
       Dungeon | 100.0 | 100.0 |   N/A |   N/A | 100.0 |  63.7
               +-------+-------+-------+-------+-------+----------------------
